 Dungeon Crawl Stone Soup version 0.19.1-1-g22dce08 (webtiles) character file.

2865 M4edhros the Covert (level 9, -2/59 HPs)
             Began as an Octopode Artificer on Dec 31, 2016.
             Was an Initiate of Gozag.
             Shot with a sling bullet by Joseph (23 damage)
             ... on level 8 of the Dungeon.
             The game lasted 00:09:20 (9433 turns).

M4edhros the Covert (Octopode Artificer)            Turns: 9433, Time: 00:09:21

Health: -2/59      AC:  1    Str: 11    XL:     9   Next: 75%
Magic:  11/11      EV: 19    Int: 14    God:    Gozag
Gold:   1145       SH:  0    Dex: 15    Spells: 0 memorised, 8 levels left

rFire  . . .     SeeInvis +     a - +0 short sword
rCold  . . .     Gourm    .     (no shield)
rNeg   . . .     Faith    .     (helmet restricted)
rPois  .         Spirit   .     (no amulet)
rElec  .         Reflect  .     e - ring of stealth
rCorr  .         Harm     .     h - +1 ring of evasion
MR     .....                    k - ring of see invisible
Stlth  ++++++++..               (no ring)
                                (no ring)
                                (no ring)
                                (no ring)
                                (no ring)

@: no status effects
A: almost no armour, stealthy swim, amphibious, 8 rings, constrict 8, camouflage
1, gelatinous body 1
a: Potion Petition, Call Merchant, Bribe Branch, Renounce Religion


You were on level 8 of the Dungeon.
You worshipped Gozag.
Gozag was most pleased with you.
You were near starving.

You visited 2 branches of the dungeon, and saw 9 of its levels.
You also visited: Sewer and Ossuary.

You collected 1199 gold pieces.
You paid 54 gold pieces to Gozag.

Inventory:

Hand Weapons
 a - a +0 short sword (weapon)
Missiles
 G - 18 sling bullets
Jewellery
 e - a ring of stealth (left tentacle)
 h - a +1 ring of evasion (right tentacle)
 k - a ring of see invisible (on tentacle)
Wands
 b - a wand of flame (3/48)
 c - a wand of enslavement (7/24)
 d - a wand of random effects (7/48)
 p - a wand of flame (1/48)
 w - a wand of flame (20/48)
 y - a wand of random effects (11/48)
 B - a wand of polymorph (15/24)
Scrolls
 g - 8 scrolls of teleportation {unknown}
 i - a scroll of fear {unknown}
 n - 5 scrolls of identify {unknown}
 o - a scroll of enchant weapon {unknown}
 r - 2 scrolls of immolation {unknown}
 t - 2 scrolls of enchant armour {unknown}
 u - 3 scrolls of magic mapping {unknown}
 v - 3 scrolls of fog {unknown}
 x - 2 scrolls of blinking {unknown}
 D - a scroll of noise {unknown}
 H - a scroll of brand weapon {unknown}
 I - 2 scrolls of remove curse {unknown}
 K - a scroll of amnesia {unknown}
Potions
 l - a potion of ambrosia {unknown}
 m - 7 potions of haste {unknown}
 q - 3 potions of heal wounds
 s - 3 potions of curing
 z - 2 potions of brilliance {unknown}
 A - a potion of mutation {unknown}
 F - 2 potions of lignification {unknown}
Books
 J - a book of Callings

   Spells                             Type                      Level
   a - Summon Small Mammal            Summoning                    1
   b - Call Imp                       Summoning                    2
   c - Call Canine Familiar           Summoning                    3
   d - Summon Guardian Golem          Hexes/Summoning              3
   e - Summon Lightning Spire         Summoning/Air                4
   f - Summon Ice Beast               Ice/Summoning                4
Comestibles
 f - 8 bread rations
 j - a meat ration
 C - 7 fruits
 E - a beef jerky


   Skills:
 + Level 4.6 Fighting
 - Level 1.0 Short Blades
 * Level 7.3 Dodging
 + Level 13.7 Stealth
 - Level 3.2 Evocations


You had 8 spell levels left.
You didn't know any spells.

Dungeon Overview and Level Annotations

Branches:
Dungeon (8/15)             Temple (1/1) D:4
   Lair: D:8-11

Altars:
Ashenzari
Cheibriados
Fedhas
Gozag
Hepliaklqana
Makhleb
Nemelex Xobeh
Okawaru
Ru
Sif Muna
Trog
Vehumet
Xom

Shops:
D:4 :

Annotations:
D:4 Pikel
D:8 Joseph, Maurice


Innate Abilities, Weirdness & Mutations

You cannot wear most types of armour.
You are very stealthy in the water. (Stealth+)
You are amphibious.
You can wear up to eight rings at the same time.
You can use your tentacles to constrict eight enemies at once.
Your skin changes colour to match your surroundings (Stealth+).
Your rubbery body absorbs attacks. (AC +1, EV +1)


Message History

Joseph easily resists.
This wand has 9 charges left.
Joseph shoots a sling bullet.
The sling bullet misses you.
Evoke which item? (* to show all) (? for menu, Esc to quit)
Zapping:
c - a wand of enslavement (9/24)
Press: ? - help, Shift-Dir - straight line, f/p - Joseph
Aim: Joseph, wielding a hunting sling and wearing a ring mail (fast, chance to defeat MR: 35%) Joseph easily resists.
This wand has 8 charges left.
Joseph shoots a sling bullet.
The sling bullet hits you!
* * * LOW HITPOINT WARNING * * *
You feel much better.
Joseph shoots a sling bullet.
The sling bullet closely misses you.
Joseph shoots a sling bullet.
The sling bullet hits you!
Evoke which item? (* to show all) (? for menu, Esc to quit)
Zapping:
c - a wand of enslavement (8/24)
Press: ? - help, Shift-Dir - straight line, f/p - Joseph
Aim: Joseph, wielding a hunting sling and wearing a ring mail (fast, chance to defeat MR: 35%) Joseph easily resists.
This wand has 7 charges left.
Joseph shoots a sling bullet.
The sling bullet hits you!!
You die...
Your body crumbles into a pile of gold.

....# ##........#####.. ...##
#######....#...# ...# ##.....#..
..## ##### ##....... ..##
###########...##### #.......
...###.'.#..((.........###...(...
##..####'#'###.........##........
##..#.'...'.#.........##.#......
##.###...###..@......#..#......
###.'...'.#.........#..#......
###'#'#'#....@......##......
#.'.#.#.#...........##......
#########...........##......
......................
............##........
.............# ##.... #
#............# ....


You could see Joseph.

Vanquished Creatures
  Sigmund (D:3)
  A spriggan (D:7)
  An orc warrior (D:8)
  3 slaves
  2 ogres
  2 centaurs (D:5)
  2 elf zombies
  3 bullfrogs
  5 elf skeletons (D:8)
  A water moccasin zombie (D:6)
  4 wights
  2 crimson imps
  A bullfrog zombie (D:7)
  2 hounds
  2 jellies (D:6)
  A centaur zombie (Ossuary)
  3 human zombies (Ossuary)
  2 orc priests
  6 orc wizards
  A bullfrog skeleton (D:5)
  Jessica (D:3)
  Ijyb (D:2)
  A human skeleton (D:8)
  Natasha (thrice) (D:3)
  3 worker ants
  A big kobold zombie (Ossuary)
  4 hound zombies
  A hound skeleton (D:5)
  3 mummies (Ossuary)
  12 adders
  6 river rats (Sewer)
  An ooze (D:3)
  An adder skeleton (D:6)
  An adder zombie (Ossuary)
  7 worms
  5 dart slugs
  2 leopard geckos
  31 orcs
  5 bats
  5 giant cockroaches
  7 hobgoblins
  11 jackals
  3 quokkas
  7 ball pythons
  9 frilled lizards
  7 goblins
  5 goblin zombies (Ossuary)
  3 hobgoblin zombies (Ossuary)
  4 jackal zombies (Ossuary)
  9 kobolds
  4 kobold zombies (Ossuary)
  An orc skeleton (D:8)
  6 orc zombies
  3 quokka zombies (Ossuary)
  19 rats
  3 rat zombies (Ossuary)
240 creatures vanquished.

Notes
Turn   | Place    | Note
-------+----------+-------------------------------------------
     0 | D:1      | M4edhros the Octopode Artificer began the quest for the Orb.
     0 | D:1      | Reached XP level 1. HP: 13/13 MP: 3/3
    17 | D:1      | Reached skill level 2 in Stealth
    97 | D:1      | Reached XP level 2. HP: 18/18 MP: 4/4
   162 | D:1      | Reached skill level 3 in Stealth
   494 | D:2      | Reached skill level 4 in Stealth
   494 | D:2      | Reached XP level 3. HP: 23/23 MP: 5/5
   523 | D:2      | HP: 1/23 [jackal (2)]
   609 | D:2      | Reached skill level 5 in Stealth
   780 | D:2      | Reached XP level 4. HP: 16/28 MP: 6/6
   929 | D:2      | Noticed Ijyb
   941 | D:2      | Killed Ijyb
   941 | D:2      | Reached skill level 6 in Stealth
  1047 | D:3      | Noticed Sigmund
  1055 | D:3      | Killed Sigmund
  1055 | D:3      | Reached skill level 8 in Stealth
  1055 | D:3      | Reached XP level 5. HP: 29/33 MP: 7/7
  1055 | D:3      | Reached XP level 6. HP: 34/38 MP: 8/8
  1352 | D:3      | Noticed Jessica
  1354 | D:3      | Killed Jessica
  1369 | D:3      | Noticed Natasha
  1377 | D:3      | Killed Natasha
  1377 | D:3      | Reached skill level 9 in Stealth
  1653 | D:4      | Reached skill level 10 in Stealth
  1653 | D:4      | Reached XP level 7. HP: 30/43 MP: 9/9
  1912 | D:4      | Found a snail-covered altar of Cheibriados.
  1959 | D:4      | Found Puptuo Sahi's Book Boutique.
  1994 | D:4      | Noticed Pikel
  2009 | D:5      | Entered Level 5 of the Dungeon
  2231 | D:5      | Found a radiant altar of Vehumet.
  2232 | D:5      | Found a burning altar of Makhleb.
  2322 | D:5      | Reached skill level 11 in Stealth
  2467 | D:5      | Found a glowing drain.
  2472 | Sewer    | Entered a sewer
  3498 | D:5      | Reached skill level 12 in Stealth
  3591 | D:5      | Reached XP level 8. HP: 45/48 MP: 10/10
  3691 | D:4      | Found a staircase to the Ecumenical Temple.
  3706 | Temple   | Entered the Ecumenical Temple
  3794 | Temple   | Became a worshipper of Gozag Ym Sagoz the Greedy
  4113 | D:3      | Noticed Natasha
  4123 | D:3      | Killed Natasha
  4130 | D:3      | Found an iron altar of Okawaru.
  4189 | D:3      | Noticed Natasha
  4202 | D:3      | Killed Natasha
  4512 | D:2      | Found a shimmering altar of Xom.
  4513 | D:2      | Found a hazy altar of Hepliaklqana.
  4513 | D:2      | Noticed a tentacled monstrosity
  4514 | D:2      | Noticed a tentacled monstrosity
  4514 | D:2      | Noticed a spectral ugly thing
  6281 | D:6      | Found a sparkling altar of Nemelex Xobeh.
  7194 | D:7      | Reached skill level 5 in Dodging
  7293 | D:7      | Reached XP level 9. HP: 25/57 MP: 11/11
  7472 | D:7      | Reached skill level 13 in Stealth
  8210 | D:8      | Noticed Maurice
  8359 | D:8      | Noticed Joseph
  8492 | D:8      | Found a sand-covered staircase.
  8612 | Ossuary  | Entered an ossuary
  9433 | D:8      | Shot with a sling bullet by Joseph

Skill      XL: |  1  2  3  4  5  6  7  8  9 |
---------------+----------------------------+-----
Stealth        | 2 4 5 8 10 12 13 | 13.7
Dodging        | 5 7 |  7.3
Fighting       | 3 4 |  4.6
Short Blades   | |  1.0
Evocations     | |  3.2

Action                   |  1- 3 |  4- 6 |  7- 9 || total
-------------------------+-------+-------+-------++-------
Melee: Short sword       |    75 |    50 |   456 ||   581
       Constrict         |    21 |    13 |   101 ||   135
       Tentacles         |    10 |     9 |   107 ||   126
Evoke: Wand              |       |     1 |    27 ||    28
  Use: Potion            |     1 |     1 |     3 ||     5
 Stab: Sleeping          |    13 |     8 |    79 ||   100
       Paralysed         |       |     1 |       ||     1
       Distracted        |       |       |     9 ||     9
  Eat: Chunk             |       |     2 |     7 ||     9
       Meat ration       |       |       |     3 ||     3
       Beef jerky        |       |       |     1 ||     1
Armor: Skin              |     1 |       |    19 ||    20
Dodge: Dodged            |    41 |    24 |   281 ||   346
